 Dungeon Crawl Stone Soup version 0.29-a0-885-gb26ba3297d (webtiles) character file.

Game seed: 7535003925154690177

22668 Aurophilus the Severer (level 13, -1/116 HPs)
             Began as a Hill Orc Fighter on July 20, 2022.
             Was a High Priest of Okawaru.
             Slain by a cyclops (8 damage)
             ... on level 13 of the Dungeon.
             The game lasted 00:52:11 (13011 turns).

Aurophilus the Severer (Hill Orc Fighter)          Turns: 13011, Time: 00:52:12

Health: -1/116     AC: 22    Str: 29    XL:     13   Next: 1%
Magic:  1/16       EV: 11    Int:  7    God:    Okawaru [*****.]
Gold:   913        SH: 12    Dex: 14    Spells: 12/12 levels left

rFire   . . .      SeeInvis .   a - +6 war axe (vorpal)
rCold   . . .      Faith    +   e - +4 buckler of the Stars {rPois Regen+}
rNeg    . . .      Spirit   .   y - +0 plate armour
rPois   +          Reflect  .   (helmet restricted)
rElec   .          Harm     .   T - +0 cloak
rCorr   .          Rampage  .   D - +0 pair of gloves
Will    +....                   O - +0 pair of boots
Stlth   ..........              z - amulet of faith
HPRegen 1.09/turn               p - +6 ring of strength
MPRegen 0.15/turn               R - ring of Muimp {rPois Will+}

@: about to teleport, heroic, finesse-ful, studying Shields
A: antennae 1, agile 1
a: Renounce Religion, Heroism, Finesse, Duel


You were on level 13 of the Dungeon.
You worshipped Okawaru.
Okawaru was extremely pleased with you.
You visited 2 branches of the dungeon, and saw 14 of its levels.
You also visited: Ossuary and Bailey.

You collected 913 gold pieces.

Inventory:

Hand Weapons
 a - a +6 vorpal war axe (weapon)
 u - a +2 mace of protection
 w - a +2 flail of protection
Armour
 c - a +3 buckler
 e - the +4 buckler of the Stars (worn) {rPois Regen+}
   (You found it on level 6 of the Dungeon)

   rPois:     It protects you from poison.
   Regen:     It increases your rate of health regeneration.
 y - a +0 plate armour (worn)
 D - a +0 pair of gloves (worn)
 F - a +3 troll leather armour {Snorg}
 H - the +3 kite shield "Woixeoc" {Int+7}
   (Okawaru gifted it to you on level 13 of the Dungeon)

   Int:       It affects your intelligence (+7).
 O - a +0 pair of boots (worn)
 T - a +0 cloak (worn)
Jewellery
 i - a ring of poison resistance
 j - a +4 ring of protection
 k - a ring of see invisible
 n - an amulet of guardian spirit
 p - a +6 ring of strength (left hand)
 z - an amulet of faith (around neck)
 A - an amulet of the acrobat
 P - an amulet of magic regeneration
 R - the ring of Muimp (right hand) {rPois Will+}
   (You found it on level 11 of the Dungeon)

   [ring of poison resistance]

   rPois:     It protects you from poison.
   Will:      It increases your willpower.
Wands
 b - a wand of polymorph (12)
 o - a wand of charming (20)
 s - a wand of flame (28)
 x - a wand of roots (12)
 M - a wand of mindburst (8)
Scrolls
 d - 2 scrolls of magic mapping
 f - 4 scrolls of immolation
 h - 5 scrolls of teleportation
 q - a scroll of silence
 t - 2 scrolls of amnesia
 v - 2 scrolls of enchant armour
 B - a scroll of poison
 K - a scroll of fog
 L - 4 scrolls of identify
 Q - a scroll of summoning
 S - 3 scrolls of fear
Potions
 l - 5 potions of lignification
 m - 5 potions of curing
 r - 2 potions of flight
 C - 2 potions of magic
 E - a potion of cancellation
 G - a potion of resistance
 I - 2 potions of brilliance
 J - a potion of ambrosia
 U - a potion of invisibility
Miscellaneous
 N - a phantom mirror (quivered)


   Skills:
 + Level 11.3(16.3) Fighting
 * Level 18.8(23.8) Axes
 + Level 11.0(16.0) Armour
 - Level 1.6(6.6) Dodging
 - Level 0.1(5.1) Stealth
 + Level 11.2(16.2) Shields
 * Level 4.1 Invocations


You had 12 spell levels left.
You didn't know any spells.
Your spell library contained the following spells:

 Spells                   Type           Power      Damage    Failure   Level
 Ensorcelled Hibernation  Hex/Ice        0%         N/A       99%         2
 Passwall                 Tmut/Erth      0%         N/A       99%         2
 Swiftness                Air            0%         N/A       100%        3
 Anguish                  Hex/Necr       0%         N/A       100%        4
 Fulminant Prism          Conj/Hex       0%         3d6       100%        4
 Iskenderun's Mystic Bla  Conj/Tloc      0%         2d3       100%        4
 Lee's Rapid Deconstruct  Erth           0%         3d5*      100%        5
 Enfeeble                 Hex            0%         N/A       100%        7


Dungeon Overview and Level Annotations

Branches:
Dungeon (13/15)            Temple (1/1) D:7            Lair (0/5) D:8
    Orc (0/2) D:11         Vaults (0/5) D:13        Ossuary (visited)
 Bailey (visited)

Altars:
Ashenzari
Cheibriados
Dithmenos
Elyvilon
Fedhas
Gozag
Hepliaklqana
Kikubaaqudgha
Makhleb
Nemelex Xobeh
Okawaru
Qazlal
Ru
Sif Muna
Trog
Uskayaw
Vehumet
Wu Jian
Xom
Yredelemnul
Zin
The Shining One

Shops:
D:6 !   D:7 =   D:10 :

Annotations:
D:11 2 transporters


Innate Abilities, Weirdness & Mutations

You have a pair of small antennae on your head.
You are agile. (Dex +4, Str/Int -1)


Message History

The vault guard is almost dead.
You hit the cyclops. You hit the vault guard.
The vault guard hits you but does no damage.
The deep elf pyromancer mumbles some strange words.
The deep elf pyromancer blinks!
The vault guard hits you with a +0 battleaxe of flaming!
The vault guard burns you.
You slash the vault guard!
You kill the vault guard!
Okawaru accepts your kill.
You slash the vault guard!
You kill the vault guard!
Okawaru is honoured by your kill.
You slash the cyclops!
Your base Armour skill increases to level 11!
Your base Shields skill increases to level 11!
Your Invocations skill increases to level 4!
You have reached level 13!
You feel much better.
You block the centaur warrior's attack. x2; The boulder beetle bites you!!
The vault guard hits you but does no damage.
The centaur warrior hits you with the +8 war axe "Yleprar" {antimagic, Str+4}!!
* * * LOW HITPOINT WARNING * * *
You feel your power leaking away. The centaur warrior closely misses you.
There is an open door, spattered with blood here.
Things that are here:
a +2 great sword of protection; a +0 plate armour
As you read the scroll of teleportation, it crumbles to dust.
You feel strangely unstable.
The cyclops hits you but does no damage.
You block the centaur warrior's attack. x2; The cyclops misses you.
The boulder beetle bites you but does no damage.
You block the vault guard's attack.
The centaur warrior unwields the +8 war axe "Yleprar" {antimagic, Str+4}.
The centaur warrior wields a +0 longbow.
The centaur warrior shoots an arrow.
The arrow hits you!
* * * LOW HITPOINT WARNING * * *
The cyclops hits you!
You die...

.# ..## ####### #..#
#...... ### ## ##..#
#.##### #... .# ##...#
#.# # .#...#.##....#
#.# # ....EEV#C....#
#.# # ...○QccB@....#
#.# # ....cpC#)....#
#.#
.#...#E##....######.##
#... .# ##...........#
### ## ##.#####..[.# #
##..####....####
#..............+
...#####....#### ....#
#.#.## #


You could see a boulder beetle, a vault guard, a tengu warrior, 2 centaur
warriors, 2 cyclopes, 2 fire elementals, a vampire and a centaur.

Vanquished Creatures
  Snorg (D:13)
  3 vault guards (D:13)
  2 hydras
  2 boulder beetles
  2 centaur warriors (D:13)
  A two-headed ogre (D:11)
  An ugly thing (D:12)
  An elephant (D:8)
  A gargoyle (D:7)
  A kobold demonologist (D:10)
  4 trolls
  A hornet (D:9)
  A slime creature (D:13)
  A jumping spider (shapeshifter) (D:13)
  A basilisk (D:12)
  2 wyverns
  3 vampire mosquitoes (D:12)
  32 yaks
  2 acid dragons
  3 water moccasins
  17 orc warriors
  2 sky beasts (D:6)
  3 black bears
  2 ice beasts (D:6)
  16 centaurs
  5 phantoms
  A kobold brigand (D:7)
  3 bullfrogs
  5 necrophages
  4 scorpions
  9 wights
  12 killer bees
  4 howler monkeys
  A gnoll bouda (D:10)
  4 hounds
  8 orc priests
  7 iguanas
  11 orc wizards
  13 mummies (Ossuary)
  7 adders
  13 gnolls
  A shadow imp (D:6)
  3 white imps
  2 ufetubi
  A dart slug (D:5)
  73 orcs
  6 ball pythons
  5 endoplasms
  3 giant cockroaches
  9 goblins
  13 hobgoblins
  2 quokkas
  5 bats
  6 frilled lizards
  A gnoll skeleton (Ossuary)
  5 goblin skeletons (Ossuary)
  10 kobolds
  2 kobold skeletons (Ossuary)
  9 rats
  11 rat skeletons (Ossuary)
379 creatures vanquished.

Vanquished Creatures (collateral kills)
  An orc warrior (Bailey)
  2 centaurs (Bailey)
  An orc (Bailey)
4 creatures vanquished.

Vanquished Creatures (others)
  An orc (Bailey)
1 creature vanquished.

Grand Total: 384 creatures vanquished

Notes
Turn   | Place    | Note
-------+----------+-------------------------------------------
     0 | D:1      | Aurophilus the Hill Orc Fighter began the quest for the
                  | Orb.
     0 | D:1      | Reached XP level 1. HP: 19/19 MP: 1/1
   372 | D:1      | Reached XP level 2. HP: 26/27 MP: 2/2
   537 | D:1      | Reached skill level 3 in Axes
  1050 | D:2      | Reached XP level 3. HP: 33/33 MP: 3/3
  1922 | D:3      | Reached skill level 4 in Axes
  1926 | D:3      | Reached XP level 4. HP: 18/41 MP: 4/4
  2458 | D:3      | Reached skill level 5 in Axes
  2458 | D:3      | Reached XP level 5. HP: 41/47 MP: 5/5
  3326 | D:4      | Reached skill level 6 in Axes
  3326 | D:4      | Reached XP level 6. HP: 53/53 MP: 6/6
  3529 | D:4      | Reached skill level 7 in Axes
  3633 | D:4      | Reached skill level 1 in Dodging
  3724 | D:4      | Reached XP level 7. HP: 55/60 MP: 7/7
  3840 | D:5      | Entered Level 5 of the Dungeon
  3855 | D:5      | Reached skill level 5 in Fighting
  3870 | D:5      | Reached skill level 8 in Axes
  4108 | D:5      | Found an opulent altar of Gozag.
  4729 | D:6      | Reached skill level 9 in Axes
  4842 | D:6      | Reached skill level 5 in Armour
  4842 | D:6      | Reached XP level 8. HP: 67/70 MP: 8/8
  5085 | D:6      | Identified the +4 buckler of the Stars {rPois Regen+}
  5124 | D:6      | Reached skill level 10 in Axes
  5124 | D:6      | Found Vacam's Distillery.
  5790 | D:6      | Reached skill level 11 in Axes
  5813 | D:6      | Reached XP level 9. HP: 67/75 MP: 9/9
  5821 | D:6      | Noticed a troll
  5827 | D:6      | Reached skill level 12 in Axes
  5829 | D:6      | Killed a troll
  5868 | D:6      | Reached skill level 13 in Axes
  6074 | D:7      | Found a staircase to the Ecumenical Temple.
  6285 | D:7      | Found a flagged portal.
  6294 | D:7      | Reached skill level 14 in Axes
  6327 | D:7      | Reached XP level 10. HP: 81/86 MP: 10/10
  6392 | D:7      | Found a sand-covered staircase.
  6403 | Ossuary  | Entered an ossuary
  6795 | Bailey   | Entered a bailey
  6986 | Bailey   | Reached skill level 5 in Shields
  7107 | Bailey   | Reached skill level 15 in Axes
  7320 | Bailey   | HP: 3/132 [orc warrior/+0 glaive (17)]
  7419 | Bailey   | Identified the +6 bardiche "Liwour" {freeze, rElec Stlth+}
  7548 | Temple   | Entered the Ecumenical Temple
  7548 | Temple   | Found a transporter.
  7548 | Temple   | Found a transporter.
  7550 | Temple   | Found a transporter.
  7550 | Temple   | Found a transporter.
  7585 | Temple   | Became a worshipper of Warmaster Okawaru
  7657 | D:7      | Identified the +1 leather armour "Depnerah" {Str+6 Int+6}
  7669 | D:7      | Noticed a gargoyle
  7681 | D:7      | Killed a gargoyle
  7757 | D:7      | Found Xenotiqu's Jewellery Shoppe.
  7793 | D:7      | Found a burning altar of Makhleb.
  8034 | D:8      | Noticed an elephant
  8035 | D:8      | Found a staircase to the Lair.
  8059 | D:8      | Killed an elephant
  8059 | D:8      | Reached * piety under Okawaru
  8060 | D:8      | Reached XP level 11. HP: 86/95 MP: 11/11
  8101 | D:8      | Found a basalt altar of Yredelemnul.
  8120 | D:8      | Found a transporter.
  8261 | D:8      | Reached skill level 16 in Axes
  8783 | D:8      | Found a transporter.
  9209 | D:9      | Reached ** piety under Okawaru
  9627 | D:9      | Reached skill level 17 in Axes
  9907 | D:9      | Gained mutation: You have a pair of small antennae on your
                  | head. [potion of mutation]
  9907 | D:9      | Gained mutation: You are agile. (Dex +4, Str/Int -1)
                  | [potion of mutation]
  9910 | D:10     | Entered Level 10 of the Dungeon
 10112 | D:10     | Reached *** piety under Okawaru
 10274 | D:10     | Found Mount's Self-Improvement Boutique.
 10666 | D:11     | Noticed a boulder beetle
 10691 | D:11     | Killed a boulder beetle
 10691 | D:11     | Reached **** piety under Okawaru
 10775 | D:11     | Noticed a two-headed ogre
 10782 | D:11     | Killed a two-headed ogre
 10783 | D:11     | Reached skill level 10 in Fighting
 10783 | D:11     | Reached XP level 12. HP: 87/106 MP: 9/12
 10810 | D:11     | Found a staircase to the Orcish Mines.
 10856 | D:11     | Identified the ring of Muimp {rPois Will+}
 10910 | D:11     | Found a transporter.
 10912 | D:11     | Found a transporter.
 10916 | D:11     | Found a transporter.
 10922 | D:11     | Found a transporter.
 11558 | D:12     | Reached skill level 18 in Axes
 11655 | D:12     | Reached ***** piety under Okawaru
 11659 | D:12     | Reached skill level 10 in Armour
 11937 | D:12     | Noticed a five-headed hydra
 12226 | D:12     | Killed a 12-headed hydra
 12684 | D:13     | Noticed a centaur warrior
 12694 | D:13     | Killed a centaur warrior
 12695 | D:13     | Reached skill level 1 in Invocations
 12721 | D:13     | Reached skill level 10 in Shields
 12753 | D:13     | Noticed a four-headed hydra
 12753 | D:13     | Noticed a centaur warrior
 12754 | D:13     | Noticed Snorg
 12754 | D:13     | Noticed a boulder beetle
 12775 | D:13     | Killed Snorg
 12775 | D:13     | Identified the +3 kite shield "Woixeoc" {Int+7} (Okawaru
                  | gifted it to you on level 13 of the Dungeon)
 12775 | D:13     | Received a gift from Okawaru
 12783 | D:13     | Killed a four-headed hydra
 12788 | D:13     | Killed a centaur warrior
 12792 | D:13     | Killed a boulder beetle
 12981 | D:13     | Found a gate to the Vaults.
 12981 | D:13     | Noticed a tengu warrior
 12981 | D:13     | Noticed a vault guard
 12981 | D:13     | Noticed a vault guard
 12981 | D:13     | Noticed a vault guard
 12981 | D:13     | Noticed a centaur warrior
 12981 | D:13     | Noticed a vault guard
 12981 | D:13     | Identified the +8 war axe "Yleprar" {antimagic, Str+4}
 12981 | D:13     | Noticed a centaur warrior
 12981 | D:13     | Noticed a boulder beetle
 13005 | D:13     | Killed a vault guard
 13007 | D:13     | Killed a vault guard
 13007 | D:13     | Killed a vault guard
 13008 | D:13     | Reached XP level 13. HP: 36/116 MP: 7/16
 13011 | D:13     | Slain by a cyclops

Illustrated notes

Levels and vault maps discovered:
D:1:      lightli_arrival_noodles, layout_loops_ring
D:2:      layout_rooms, serial_corexii_hall, corexii_hall_statues_i,
          corexii_hall_statues_x, chequers_hall_statues_corner_a,
          corexii_hall_statues_x, chequers_serial_rivers_large_a,
          chequers_serial_rivers_small_3
D:3:      wad_river_or_something, layout_loops_ring, nicolae_elevator_lobby_plus
D:4:      cheibrodos_pilgrimage, layout_rooms
D:5:      layout_loops_cross, grunt_gozag_breadcrumbs
D:6:      minmay_bubble_buster, layout_loops_ring, serial_shops,
          nicolae_shop_trees
D:7:      layout_gridville, bloody_makhleb, minmay_temple_entry_slanted,
          serial_shops, nicolae_diamond_shop, enter_bailey_7, enter_ossuary_1
D:8:      layout_gridville, yredelemnul_altar_generic, david_lair_generic,
          nicolae_diode_stairs
D:9:      layout_loops_corners, hangedman_decor_points
D:10:     layout_cave_pools, nicolae_shop_self_help
D:11:     layout_cave_pods, orc_0_dummy, nicolae_transporter_circle
D:12:     layout_stronghold, minmay_misc_feat_tiny
D:13:     layout_loops_corners, lightli_vaults_fourway_checkpoint, uniq_snorg
Temple:   hellmonk_temple_divided_pantheon

Skill      XL: |  1  2  3  4  5  6  7  8  9 10 11 12 |
---------------+-------------------------------------+-----
Axes           | 3 4 5 6 7 9 11 14 15 17 18 | 18.8
Fighting       | 4 5 6 7 8 10 11 | 11.3
Armour         | 4 5 6 8 9 11 | 11.0
Dodging        | 1 |  1.6
Shields        | 4 6 9 11 | 11.2
Invocations    | 4 |  4.1
Stealth        | |  0.1

Action                   |  1- 3 |  4- 6 |  7- 9 | 10-12 | 13-15 || total
-------------------------+-------+-------+-------+-------+-------++-------
Melee: War axe           |   120 |   147 |   297 |   586 |       ||  1150
       Flail             |       |       |       |    17 |       ||    17
Invok: Heroism           |       |       |       |     2 |       ||     2
       Finesse           |       |       |       |     2 |       ||     2
  Use: Scroll            |     9 |     3 |     4 |    20 |     1 ||    37
       Potion            |     2 |     1 |     2 |    14 |     1 ||    20
Armor: Scale mail        |    40 |    57 |    47 |       |       ||   144
       Plate armour      |       |       |    72 |   320 |     3 ||   395
       Skin              |       |       |       |     7 |       ||     7
Dodge: Dodged            |    60 |    61 |    72 |   225 |     2 ||   420
Block: Buckler           |    33 |    44 |    95 |   331 |     5 ||   508

Table legend: (Time is in decaauts)
 A = Elapsed time spent in this place.
 B = Non-inter-level travel time spent in this place.
 C = Inter-level travel time spent in this place.
 D = Time resting spent in this place.
 E = Time spent auto-exploring this place.
 F = Levels seen in this place.
 G = Mean time per level.
                   A        B        C        D        E       F      G
               +--------+--------+--------+--------+--------+-----+--------+
         Total |  12974 |  12011 |    963 |    585 |   8159 |  16 |  810.9 |
       Dungeon |  11875 |  10929 |    946 |    585 |   7867 |  13 |  913.5 |
        Temple |     55 |     38 |     17 |      0 |      0 |   1 |   55.0 |
       Ossuary |    330 |    330 |      0 |      0 |    174 |   1 |  330.0 |
        Bailey |    712 |    712 |      0 |      0 |    118 |   1 |  712.0 |
               +--------+--------+--------+--------+--------+-----+--------+

Top non-repeatable levels by time:
     D:3: 1473 daAuts
     D:6: 1328 daAuts
    D:12: 1135 daAuts
    D:11: 1012 daAuts
     D:1: 1004 daAuts
     D:9: 988 daAuts
     D:7: 882 daAuts
     D:2: 866 daAuts
     D:5: 859 daAuts
     D:8: 849 daAuts
  Bailey: 712 daAuts
     D:4: 592 daAuts
    D:10: 540 daAuts
    D:13: 342 daAuts
 Ossuary: 330 daAuts
